 Dungeon Crawl Stone Soup version 0.23-a0-890-gc183402 (console) character file.

Game seed: 534412352200677210

23 Duffy the Magician (level 2, 9/19 HPs)
             Began as a Demonspawn Wizard on Jan 28, 2019.
             Quit the game on level 4 of the Dungeon.
             The game lasted 00:01:45 (1393 turns).

Duffy the Magician (Demonspawn Wizard)              Turns: 1393, Time: 00:01:45

Health: 9/19       AC:  2    Str:  7    XL:     2   Next: 72%
Magic:  0/6        EV: 12    Int: 19    God:
Gold:   23         SH:  0    Dex: 11    Spells: 6/7 levels left

rFire    . . .     SeeInvis +   (no weapon)
rCold    . . .     Gourm    .   (no shield)
rNeg     . . .     Faith    .   a - +0 robe
rPois    .         Spirit   .   b - +0 hat
rElec    .         Reflect  .   (no cloak)
rCorr    .         Harm     .   (no gloves)
MR       .....                  (no boots)
Stlth    ++........             (no amulet)
HPRegen  0.06/turn              c - ring of see invisible
MPRegen  0.10/turn              (no ring)

@: seriously poisoned (9 -> 2)
A: powered by death 1
a: no special abilities


You were on level 4 of the Dungeon.
You were not hungry.

You visited 1 branch of the dungeon, and saw 4 of its levels.

You collected 23 gold pieces.

Inventory:

Armour
 a - a +0 robe (worn)
 b - a +0 hat (worn)
Jewellery
 c - a ring of see invisible (left hand)
Scrolls
 e - 3 scrolls of identify {unknown}
Comestibles
 d - a ration


   Skills:
 - Level 1.7 Dodging
 - Level 1.7 Stealth
 + Level 3.3 Spellcasting
 * Level 2.3 Conjurations
   Level 1.0 Summonings
   Level 0.8 Translocations


You had 6 spell levels left.
You knew the following spells:

 Your Spells              Type           Power        Failure   Level  Hunger
h - Magic Dart            Conj           ##..         5%          1    None

Your spell library contained the following spells:

 Spells                   Type           Power        Failure   Level  Hunger
 Call Imp                 Summ           #.......     14%         2    ##.....
 Blink                    Tloc           N/A          16%         2    ##.....
 Slow                     Hex            #.......     22%         2    ##.....
 Conjure Flame            Conj/Fire      #.......     26%         3    ###....
 Mephitic Cloud           Conj/Pois/Air  #.......     32%         3    ###....


Dungeon Overview and Level Annotations

Branches:
Dungeon (4/15)
 Temple: D:4-7

Altars:


Innate Abilities, Weirdness & Mutations

You regenerate a little health from kills.


Message History

Aim: a worker ant (heavily wounded)
The magic dart hits the worker ant but does no damage.
The worker ant is heavily wounded.
A leopard gecko comes into view.
The worker ant bites you.
You are poisoned.
The worker ant poisons you!
Casting: Magic Dart (safe; 5% risk of failure)
Confirm with . or Enter, or press ? or * to list all spells.
Aiming: Magic Dart (safe; 5% risk of failure)
Press: ? - help, Shift-Dir - straight line, f/p - worker ant
Aim: a worker ant (heavily wounded)
The magic dart hits the worker ant but does no damage.
The worker ant is heavily wounded.
The leopard gecko hisses angrily.
You feel sick. The worker ant completely misses you.
Casting: Magic Dart (safe; 5% risk of failure)
Confirm with . or Enter, or press ? or * to list all spells.
You don't have enough magic to cast that spell.
Are you sure you want to abandon this character and quit the game? (Confirm with "yes".)

#.....8...#.#
##.##.P8[.#.#######
#.###8...........#
#.# ###..#.#####.
####.#####.##.#
#.......##.##.#
####.#####.##.##.#
..##.#
.##.##.#######...
#....#
#.......@a....l...
..##.#
#.##.######.###...
####.# # .# #.. .#
##.# .. .# .# .# .#
.# .#


You could see a worker ant and a leopard gecko.

Vanquished Creatures
  2 dart slugs (D:1)
  An orc (D:3)
  2 goblins (D:3)
  2 hobgoblins
  3 kobolds (D:3)
  A quokka (D:4)
  A ball python (D:2)
  2 bats
  A frilled lizard (D:2)
  2 rats
17 creatures vanquished.

Notes
Turn   | Place    | Note
-------+----------+-------------------------------------------
     0 | D:1      | Duffy the Demonspawn Wizard began the quest for the Orb.
     0 | D:1      | Reached XP level 1. HP: 13/13 MP: 4/4
     2 | D:1      | Noticed an elf
     4 | D:1      | Noticed a naga
     6 | D:1      | Noticed a formicid
     6 | D:1      | Noticed a vampire
     8 | D:1      | Noticed a felid
     8 | D:1      | Noticed a minotaur
    10 | D:1      | Noticed an octopode
    10 | D:1      | Noticed a centaur
    12 | D:1      | Noticed a merfolk
    12 | D:1      | Noticed a human
    14 | D:1      | Noticed a troll
    16 | D:1      | Noticed a halfling
    16 | D:1      | Noticed a tengu
    18 | D:1      | Noticed a demigod
    18 | D:1      | Noticed a demonspawn
    20 | D:1      | Noticed a gargoyle
    22 | D:1      | Noticed a ghoul
    22 | D:1      | Noticed a spriggan
    24 | D:1      | Noticed a vine stalker
    24 | D:1      | Noticed a draconian
    26 | D:1      | Noticed an ogre
    26 | D:1      | Noticed a dwarf
   431 | D:1      | Gained mutation: You regenerate a little health from kills.
                  | [demonic ancestry]
   431 | D:1      | Reached XP level 2. HP: 19/19 MP: 0/6
  1393 | D:4      | Quit the game

Vault maps used:
D:1:      kb_arrival_jail
D:2:      gammafunk_temple_overflow_wave, overflow_temple_1_default,
          first_ration, grunt_ministairs_12, uniq_jessica
D:3:      minmay_snake_closets
D:4:      serial_undead, serial_undead_f, serial_undead_d, serial_undead_c,
          serial_undead_e, serial_undead_c, wad_rectangle_vault

Skill      XL: |  1  2 |
---------------+-------+-----
Conjurations   | 2 |  2.3
Dodging        | |  1.7
Stealth        | |  1.7
Spellcasting   | |  3.3
Summonings     | |  1.0
Translocations | |  0.8

Action                   || total
-------------------------++-------
Melee: Unarmed           ||     5
 Cast: Magic Dart        ||    76
  Eat: Chunk             ||     1
Armor: Robe              ||    12
Dodge: Dodged            ||    56

Table legend:
 A = Non-vault XP
 B = Vault XP
 C = Vault XP percentage of total XP
 D = Non-vault monster count
 E = Vault monster count
 F = Vault count percentage of total count
                 A         B        C        D         E       F
            +---------+---------+-------+---------+---------+-------
      Total |      33 |       0 |   0.0 |      17 |       0 |   0.0
            +---------+---------+-------+---------+---------+-------
        D:1 |      12 |       0 |   0.0 |       5 |       0 |   0.0
        D:2 |       2 |       0 |   0.0 |       2 |       0 |   0.0
        D:3 |      17 |       0 |   0.0 |       9 |       0 |   0.0
        D:4 |       2 |       0 |   0.0 |       1 |       0 |   0.0
            +---------+---------+-------+---------+---------+-------
